| TOP OF THE 1ST |
|
Washington Nationals batting - Pitching for Pittsburgh Pirates : RHP Clarence Wall
|
|
Pitching: RHP Clarence Wall
|
|
|
Batting: LHB David Dahl
|
0-0: Called Strike 0-1: Swinging Strike 0-2: Strikes out swinging
|
|
Batting: RHB Mathies Reuter
|
0-0: Ball 1-0: Called Strike 1-1: Called Strike 1-2: Strikes out looking
|
|
Batting: LHB Bryce Harper
|
0-0: Foul Ball, location: 7LSF 0-1: Ball 1-1: Foul Ball, location: 7LDF 1-2: Ball 2-2: Foul Ball, location: 9LMF 2-2: Ball 3-2: Foul Ball, location: 2F 3-2: Base on Balls
|
|
Batting: RHB Christian Walker
|
0-0: Ball 1-0: Ball 2-0: Fly out, F9 (Flyball, 9LS, EV 95.6 MPH)
|
| Top of the 1st over - 0 runs, 0 hits, 0 errors, 1 left on base; Washington 0 - Pittsburgh 0 |
| BOTTOM OF THE 1ST |
|
Pittsburgh Pirates batting - Pitching for Washington Nationals : LHP Steve Moss
|
|
Pitching: LHP Steve Moss
|
|
|
Batting: RHB Chris Riley
|
0-0: Called Strike 0-1: Swinging Strike 0-2: Ball 1-2: Ground out 6-3 (Groundball, 6, EV 90.0 MPH)
|
|
Batting: SHB Juan Reyes
|
0-0: Ball 1-0: Called Strike 1-1: Fly out, F4 (Line Drive, 4, EV 73.8 MPH)
|
|
Batting: RHB Mauro Rodríguez
|
0-0: Ground out 4-3 (Groundball, 4, EV 73.8 MPH)
|
| Bottom of the 1st over - 0 runs, 0 hits, 0 errors, 0 left on base; Washington 0 - Pittsburgh 0 |
| TOP OF THE 2ND |
|
Washington Nationals batting - Pitching for Pittsburgh Pirates : RHP Clarence Wall
|
|
Batting: RHB Oscar Hernandez
|
0-0: Called Strike 0-1: Called Strike 0-2: Foul Ball, location: 5SF 0-2: Foul Ball, location: 9LSF 0-2: Ball 1-2: Ball 2-2: Strikes out looking
|
|
Batting: RHB Miguel Sano
|
0-0: Ball 1-0: Called Strike 1-1: Ball 2-1: Foul Ball, location: 5FF 2-2: Ball 3-2: Foul Ball, location: 2F 3-2: Ground out 6-3 (Groundball, 6M, EV 75.6 MPH)
|
|
Batting: RHB Aaron Judge
|
0-0: Ball 1-0: SINGLE (Groundball, 6MD, EV 95.6 MPH)
|
|
Batting: RHB Jeremy Austin
|
0-0: Ground out 6-3 (Groundball, 6S, EV 70.0 MPH)
|
| Top of the 2nd over - 0 runs, 1 hit, 0 errors, 1 left on base; Washington 0 - Pittsburgh 0 |
| BOTTOM OF THE 2ND |
|
Pittsburgh Pirates batting - Pitching for Washington Nationals : LHP Steve Moss
|
|
Batting: RHB Brandon Martin
|
0-0: DOUBLE (Line Drive, 89M, EV 105.0 MPH)
|
|
Batting: RHB Oscar Cameron
|
0-0: Ground out 6-3 (Groundball, 56, EV 83.8 MPH) Brandon Martin to third
|
|
Batting: RHB Cristo Avilés
|
0-0: Called Strike 0-1: Ball 1-1: Swinging Strike 1-2: Ground out 6-3 (Groundball, 6, EV 88.1 MPH) Brandon Martin scores
|
|
Batting: LHB Dave Murray
|
0-0: Ground out 4-3 (Groundball, 34, EV 84.4 MPH)
|
| Bottom of the 2nd over - 1 run, 1 hit, 0 errors, 0 left on base; Washington 0 - Pittsburgh 1 |
| TOP OF THE 3RD |
|
Washington Nationals batting - Pitching for Pittsburgh Pirates : RHP Clarence Wall
|
|
Batting: SHB Lucius Fox Jr.
|
0-0: Ball 1-0: Ball 2-0: Ball 3-0: Called Strike 3-1: Reached on error, E1 (Groundball, 15, EV 64.4 MPH)
|
|
Batting: LHB David Dahl
|
0-0: Foul Ball, location: 2F 0-1: Ball 1-1: Foul Ball, location: 3FF 1-2: Ball 2-2: Ball 3-2: Fielders Choice at 2nd, 5-4 (Groundball, 5S, EV 86.3 MPH)
|
|
Batting: RHB Mathies Reuter
|
0-0: Ball David Dahl steals 2nd base (no throw) 1-0: Ball 2-0: Ball 3-0: Called Strike 3-1: SINGLE (Line Drive, 78S, EV 96.3 MPH) David Dahl to third Runner from 3rd tries for Home, SAFE, throw by CF to home
|
|
Batting: LHB Bryce Harper
|
0-0: Ball 1-0: Ball 2-0: Ball 3-0: Called Strike 3-1: Base on Balls Mathies Reuter to second
|
|
Batting: RHB Christian Walker
|
0-0: Ball 1-0: Called Strike 1-1: Swinging Strike 1-2: Foul Ball, location: 9LMF 1-2: Strikes out looking
|
|
Batting: RHB Oscar Hernandez
|
0-0: Ball 1-0: Swinging Strike 1-1: SINGLE (Line Drive, 34D, EV 101.3 MPH) Mathies Reuter to third Bryce Harper to second
|
|
Batting: RHB Miguel Sano
|
0-0: Called Strike 0-1: Ball 1-1: Foul Ball, location: 2F 1-2: Ball 2-2: Ball 3-2: Strikes out swinging
|
| Top of the 3rd over - 1 run, 2 hits, 1 error, 3 left on base; Washington 1 - Pittsburgh 1 |
| BOTTOM OF THE 3RD |
|
Pittsburgh Pirates batting - Pitching for Washington Nationals : LHP Steve Moss
|
|
Batting: LHB Brad McBride
|
0-0: Swinging Strike 0-1: Ground out 4-3 (Groundball, 34, EV 80.6 MPH)
|
|
Batting: RHB Danny Badger
|
0-0: Called Strike 0-1: Ball 1-1: Ball 2-1: Called Strike 2-2: Ground out 6-3 (Groundball, 6, EV 105.0 MPH)
|
|
Batting: RHB Chris Riley
|
0-0: Ground out 2-3 (Groundball, 13S, EV 76.9 MPH)
|
| Bottom of the 3rd over - 0 runs, 0 hits, 0 errors, 0 left on base; Washington 1 - Pittsburgh 1 |
| TOP OF THE 4TH |
|
Washington Nationals batting - Pitching for Pittsburgh Pirates : RHP Clarence Wall
|
|
Batting: RHB Aaron Judge
|
0-0: Ball 1-0: Ball 2-0: Ball 3-0: Swinging Strike 3-1: Base on Balls
|
|
Batting: RHB Jeremy Austin
|
0-0: Ball 1-0: Ground out 5-3 (Groundball, 56, EV 81.9 MPH) Aaron Judge to second
|
|
Batting: SHB Lucius Fox Jr.
|
0-0: Foul Ball, location: 2F 0-1: SINGLE (Groundball, 34D, EV 98.8 MPH) Aaron Judge to third
|
|
Batting: LHB David Dahl
|
0-0: Ball 1-0: Reached on error, E3 (Groundball, 34, EV 85.6 MPH) Aaron Judge scores Lucius Fox Jr. to second
|
|
Batting: RHB Mathies Reuter
|
0-0: Called Strike Lucius Fox Jr. steals 3rd base David Dahl to second 0-1: Foul Ball, location: 5F 0-2: Fly out, F8 (Flyball, 8RXD, EV 108.8 MPH) Runner from 3rd tags up, SCORES, no throw by CF
|
|
Batting: LHB Bryce Harper
|
0-0: Intentional Walk
|
|
Batting: RHB Christian Walker
|
0-0: Ball 1-0: SINGLE (Line Drive, 4D, EV 98.8 MPH) David Dahl to third Bryce Harper to second Runner from 3rd tries for Home, SAFE, throw by CF to home Bryce Harper to third Christian Walker to second
|
|
Batting: RHB Oscar Hernandez
|
0-0: Intentional Walk
|
|
Batting: RHB Miguel Sano
|
0-0: Ball 1-0: Foul Ball, location: 9LDF 1-1: Foul Ball, location: 9LDF 1-2: Foul Ball, location: 5F 1-2: Ball 2-2: Fielders Choice at 2nd, 6-4 (Groundball, 6, EV 81.3 MPH)
|
| Top of the 4th over - 3 runs, 2 hits, 1 error, 3 left on base; Washington 4 - Pittsburgh 1 |
| BOTTOM OF THE 4TH |
|
Pittsburgh Pirates batting - Pitching for Washington Nationals : LHP Steve Moss
|
|
Batting: SHB Juan Reyes
|
0-0: Fly out, F4 (Popup, 3S, EV 73.8 MPH)
|
|
Batting: RHB Mauro Rodríguez
|
0-0: Called Strike 0-1: Called Strike 0-2: Ball 1-2: Fly out, F3 (Popup, 3SF, EV 80.0 MPH)
|
|
Batting: RHB Brandon Martin
|
0-0: Ball 1-0: Ground out 5-3 (Groundball, 5, EV 105.0 MPH)
|
| Bottom of the 4th over - 0 runs, 0 hits, 0 errors, 0 left on base; Washington 4 - Pittsburgh 1 |
| TOP OF THE 5TH |
|
Washington Nationals batting - Pitching for Pittsburgh Pirates : RHP Clarence Wall
|
|
Pitching: RHP Aaron Sanchez
|
|
|
Batting: RHB Aaron Judge
|
0-0: Ball 1-0: Called Strike 1-1: Foul Ball, location: 9LDF 1-2: Ball 2-2: Strikes out looking
|
|
Batting: RHB Jeremy Austin
|
0-0: Ball 1-0: Ball 2-0: Reached on error, E5 (Groundball, 5, EV 103.8 MPH)
|
|
Batting: SHB Lucius Fox Jr.
|
0-0: Called Strike 0-1: Ball 1-1: Ball 2-1: Ball 3-1: Base on Balls Jeremy Austin to second
|
|
Batting: LHB David Dahl
|
0-0: Ball 1-0: Called Strike 1-1: DOUBLE (Flyball, 89XD, EV 100.6 MPH) Jeremy Austin scores Lucius Fox Jr. to third
|
|
Batting: RHB Mathies Reuter
|
0-0: Called Strike 0-1: Fly out, F9 (Flyball, 9LM, EV 106.9 MPH) Runner from 3rd tags up, SCORES, no throw by RF
|
|
Batting: LHB Bryce Harper
|
0-0: Intentional Walk
|
|
Batting: RHB Christian Walker
|
0-0: SINGLE (Groundball, 6MD, EV 97.5 MPH) David Dahl to third Bryce Harper to second Runner from 3rd tries for Home, SAFE, throw by CF to home Bryce Harper to third Christian Walker to second
|
|
Pitching: RHP Trevor Bauer
|
|
|
Batting: RHB Oscar Hernandez
|
0-0: Ball 1-0: Swinging Strike 1-1: Fly out, F9 (Flyball, 9LMF, EV 94.4 MPH)
|
| Top of the 5th over - 3 runs, 2 hits, 1 error, 2 left on base; Washington 7 - Pittsburgh 1 |
| BOTTOM OF THE 5TH |
|
Pittsburgh Pirates batting - Pitching for Washington Nationals : LHP Steve Moss
|
|
Batting: RHB Oscar Cameron
|
0-0: Swinging Strike 0-1: Ground out 4-3 (Groundball, 34, EV 98.1 MPH)
|
|
Batting: RHB Cristo Avilés
|
0-0: Ground out 6-3 (Groundball, 6, EV 98.1 MPH)
|
|
Batting: LHB Dave Murray
|
0-0: Called Strike 0-1: Ball 1-1: Ground out 3-1 (Groundball, 34, EV 105.6 MPH)
|
| Bottom of the 5th over - 0 runs, 0 hits, 0 errors, 0 left on base; Washington 7 - Pittsburgh 1 |
| TOP OF THE 6TH |
|
Washington Nationals batting - Pitching for Pittsburgh Pirates : RHP Trevor Bauer
|
|
Batting: RHB Miguel Sano
|
0-0: Called Strike 0-1: Ball 1-1: Called Strike 1-2: Ball 2-2: Strikes out swinging
|
|
Batting: RHB Aaron Judge
|
0-0: Called Strike 0-1: Swinging Strike 0-2: Ball 1-2: Strikes out swinging
|
|
Batting: RHB Jeremy Austin
|
0-0: SINGLE (Line Drive, 34D, EV 95.6 MPH)
|
|
Batting: SHB Lucius Fox Jr.
|
0-0: Swinging Strike 0-1: Ball 1-1: Swinging Strike 1-2: Foul Ball, location: 5F 1-2: Ball 2-2: Ball 3-2: DOUBLE (Groundball, 3L, EV 96.9 MPH) Jeremy Austin to third Jeremy Austin scores
|
|
Batting: LHB David Dahl
|
0-0: Ball 1-0: Ball 2-0: Ground out U3 (Groundball, 23, EV 85.0 MPH)
|
| Top of the 6th over - 1 run, 2 hits, 0 errors, 1 left on base; Washington 8 - Pittsburgh 1 |
| BOTTOM OF THE 6TH |
|
Pittsburgh Pirates batting - Pitching for Washington Nationals : LHP Steve Moss
|
|
Batting: LHB Brad McBride
|
0-0: Ball 1-0: Fly out, F8 (Line Drive, 8RS, EV 92.5 MPH)
|
|
Batting: RHB Danny Badger
|
0-0: Swinging Strike 0-1: Ball 1-1: Foul Ball, location: 9LMF 1-2: Ball 2-2: Fly out, F8 (Flyball, 8LD, EV 103.1 MPH)
|
|
Batting: RHB Chris Riley
|
0-0: Ball 1-0: Ball 2-0: Foul Ball, location: 9LSF 2-1: Ball 3-1: SINGLE (Groundball, 34D, EV 100.6 MPH)
|
|
Batting: SHB Juan Reyes
|
0-0: Ball 1-0: Called Strike 1-1: Ball 2-1: Foul Ball, location: 9LDF 2-2: Ball 3-2: Base on Balls Chris Riley to second
|
|
Batting: RHB Mauro Rodríguez
|
0-0: Called Strike 0-1: Ball 1-1: Foul Ball, location: 23F 1-2: Fly out, F7 (Flyball, 78M, EV 96.9 MPH)
|
| Bottom of the 6th over - 0 runs, 1 hit, 0 errors, 2 left on base; Washington 8 - Pittsburgh 1 |
| TOP OF THE 7TH |
|
Washington Nationals batting - Pitching for Pittsburgh Pirates : RHP Trevor Bauer
|
|
Batting: RHB Mathies Reuter
|
0-0: Called Strike 0-1: Called Strike 0-2: Ball 1-2: Ball 2-2: Strikes out swinging
|
|
Batting: LHB Bryce Harper
|
0-0: Foul Ball, location: 2F 0-1: Ball 1-1: SINGLE (Line Drive, 8LS, EV 97.5 MPH)
|
|
Batting: RHB Christian Walker
|
0-0: Called Strike 0-1: Ball 1-1: Foul Ball, location: 3F 1-2: SINGLE (Line Drive, 56, EV 105.6 MPH) Bryce Harper to second
|
|
Batting: RHB Oscar Hernandez
|
0-0: Ball 1-0: Fly out, F9 (Line Drive, 9S, EV 106.3 MPH)
|
|
Batting: RHB Miguel Sano
|
0-0: Ball 1-0: Ball 2-0: Swinging Strike 2-1: Called Strike 2-2: Strikes out swinging
|
| Top of the 7th over - 0 runs, 2 hits, 0 errors, 2 left on base; Washington 8 - Pittsburgh 1 |
| BOTTOM OF THE 7TH |
|
Pittsburgh Pirates batting - Pitching for Washington Nationals : LHP Steve Moss
|
|
Batting: RHB Brandon Martin
|
0-0: Swinging Strike 0-1: Swinging Strike 0-2: Ground out 6-3 (Groundball, 6MS, EV 91.3 MPH)
|
|
Batting: RHB Oscar Cameron
|
0-0: Called Strike 0-1: Swinging Strike 0-2: Ball 1-2: Strikes out swinging
|
|
Batting: RHB Cristo Avilés
|
0-0: Ball 1-0: Called Strike 1-1: Fly out, F7 (Flyball, 78S, EV 86.3 MPH)
|
| Bottom of the 7th over - 0 runs, 0 hits, 0 errors, 0 left on base; Washington 8 - Pittsburgh 1 |
| TOP OF THE 8TH |
|
Washington Nationals batting - Pitching for Pittsburgh Pirates : RHP Trevor Bauer
|
|
Batting: RHB Aaron Judge
|
0-0: Swinging Strike 0-1: Foul Ball, location: 2F 0-2: Ball 1-2: Foul Ball, location: 2F 1-2: Ball 2-2: Foul Ball, location: 2F 2-2: Ball 3-2: Fly out, F8 (Line Drive, 8LM, EV 96.9 MPH)
|
|
Batting: RHB Jeremy Austin
|
0-0: Foul Ball, location: 23F 0-1: Ball 1-1: Fly out, F8 (Line Drive, 8LM, EV 89.4 MPH)
|
|
Batting: SHB Lucius Fox Jr.
|
0-0: Swinging Strike 0-1: Ball 1-1: Ball 2-1: Ball 3-1: Base on Balls
|
|
Batting: LHB David Dahl
|
0-0: Ball 1-0: Ball 2-0: Ball 3-0: Base on Balls Lucius Fox Jr. to second
|
|
Batting: RHB Mathies Reuter
|
0-0: Fielders Choice at 2nd, 6-4 (Groundball, 6, EV 85.0 MPH)
|
| Top of the 8th over - 0 runs, 0 hits, 0 errors, 2 left on base; Washington 8 - Pittsburgh 1 |
| BOTTOM OF THE 8TH |
|
Pittsburgh Pirates batting - Pitching for Washington Nationals : LHP Steve Moss
|
|
Batting: LHB Dave Murray
|
0-0: Ground out 4-3 (Groundball, 4, EV 86.9 MPH)
|
|
Batting: SHB Blake Swihart
|
0-0: Ball 1-0: Swinging Strike 1-1: Ball 2-1: Swinging Strike 2-2: Ball 3-2: Strikes out swinging
|
|
Batting: RHB Danny Badger
|
0-0: Ball 1-0: Ball 2-0: Fly out, F3 (Line Drive, 3L, EV 71.3 MPH)
|
| Bottom of the 8th over - 0 runs, 0 hits, 0 errors, 0 left on base; Washington 8 - Pittsburgh 1 |
| TOP OF THE 9TH |
|
Washington Nationals batting - Pitching for Pittsburgh Pirates : RHP Trevor Bauer
|
|
Pitching: LHP Luis Gallegos
|
|
|
Batting: LHB Bryce Harper
|
0-0: Called Strike 0-1: Foul Ball, location: 3SF 0-2: Ball 1-2: Ball 2-2: Ground out 6-3 (Groundball, P, EV 83.8 MPH)
|
|
Batting: RHB Christian Walker
|
0-0: Ball 1-0: Ball 2-0: Called Strike 2-1: Foul Ball, location: 5FF 2-2: Ball 3-2: SINGLE (Line Drive, 56, EV 109.4 MPH)
|
|
Batting: RHB Oscar Hernandez
|
0-0: Ball 1-0: Foul Ball, location: 2F 1-1: Ball 2-1: Ball 3-1: Fly out, F7 (Flyball, 7LS, EV 95.0 MPH)
|
|
Batting: RHB Miguel Sano
|
0-0: Swinging Strike 0-1: Foul Ball, location: 23F 0-2: Strikes out swinging
|
| Top of the 9th over - 0 runs, 1 hit, 0 errors, 1 left on base; Washington 8 - Pittsburgh 1 |
| BOTTOM OF THE 9TH |
|
Pittsburgh Pirates batting - Pitching for Washington Nationals : LHP Steve Moss
|
|
Pinch Hitting: RHB José García
|
0-0: Ground out 1-3 (Groundball, 15, EV 61.3 MPH)
|
|
Batting: SHB Juan Reyes
|
0-0: DOUBLE (Flyball, 8LXD, EV 94.4 MPH)
|
|
Batting: RHB Mauro Rodríguez
|
0-0: Fly out, F5 (Line Drive, 56, EV 76.9 MPH)
|
|
Batting: RHB Brandon Martin
|
0-0: Foul Ball, location: 25F 0-1: DOUBLE (Line Drive, 89M, EV 110.6 MPH) Juan Reyes scores
|
|
Batting: RHB Oscar Cameron
|
0-0: Called Strike 0-1: Ball 1-1: Called Strike 1-2: Ball 2-2: SINGLE (Flyball, 4D, EV 84.4 MPH) Brandon Martin to third
|
|
Batting: RHB Cristo Avilés
|
0-0: Called Strike 0-1: DOUBLE (Groundball, 5L, EV 105.0 MPH) Brandon Martin scores Oscar Cameron to third
|
|
Batting: LHB Dave Murray
|
0-0: Swinging Strike 0-1: Ball 1-1: Called Strike 1-2: Foul Ball, location: 7LMF 1-2: Ball 2-2: Ball Balk! Oscar Cameron scores Cristo Avilés to third 3-2: Hit by Pitch
|
|
Pitching: RHP Robbie McJannett
|
|
|
Batting: SHB Blake Swihart
|
0-0: Ball 1-0: Called Strike 1-1: Foul Ball, location: 7LSF 1-2: Ball 2-2: Fly out, F6 (Line Drive, 6, EV 67.5 MPH)
|
| Bottom of the 9th over - 3 runs, 4 hits, 0 errors, 2 left on base; Washington 8 - Pittsburgh 4 |
|